 Dungeon Crawl Stone Soup version 0.21.1-1-g345015fe64 (webtiles) character file.

152119 Gargoyl the Corrupter of Planes (level 17, -14/138 HPs)
             Began as a Centaur Abyssal Knight on May 17, 2018.
             Was the Champion of Lugonu.
             Killed from afar by Roxanne (49 damage)
             ... with an iron shot
             ... on level 15 of the Dungeon on May 18, 2018.
             The game lasted 00:59:17 (32869 turns).

Gargoyl the Corrupter of Planes (CeAK)             Turns: 32869, Time: 00:59:17

Health: -14/138    AC:  0    Str: 21    XL:     17   Next: 2%
Magic:  27/27      EV: 17    Int:  9    God:    Lugonu [******]
Gold:   2238       SH:  6    Dex: 10    Spells: 16/16 levels left

rFire    . . .     SeeInvis .   (weapon currently unavailable)
rCold    . . .     Gourm    .   (shield currently unavailable)
rNeg     . . .     Faith    .   (armour currently unavailable)
rPois    .         Spirit   .   (helmet currently unavailable)
rElec    .         Reflect  +   (cloak currently unavailable)
rCorr    .         Harm     .   (gloves currently unavailable)
MR       +....     Rnd*Rage +   (no barding)
Stlth    +.........             q - +6 amulet of reflection
HPRegen  0.33/turn              (ring currently unavailable)
MPRegen  0.20/turn              (ring currently unavailable)

@: about to teleport, pig-form, hasted and slowed, very quick
A: small, repulsion field 1, berserk 1, blink, dopey 1
a: Blink, Depart the Abyss, Bend Space, Banish, Corrupt, Enter the Abyss, Brand
Weapon With Distortion, Renounce Religion


You were on level 15 of the Dungeon.
You worshipped Lugonu.
Lugonu was exalted by your worship.
You were not hungry.
You were a filthy swine.
You visited 2 branches of the dungeon, and saw 21 of its levels.
You visited the Abyss 1 time.
You also visited: Bailey and Ice Cave.

You collected 2922 gold pieces.
You spent 684 gold pieces at shops.

Inventory:

Hand Weapons
 r - a +0 war axe
 D - the +5 flail "Wakkumoc" (melded) {pain, Str+4 SInv}
   (You found it on level 1 of the Lair of Beasts)

   In the hands of one skilled in necromantic magic, it inflicts extra damage on
   living creatures.
   It affects your strength (+4).
   It lets you see invisible.
 W - a +3 hand axe
Missiles
 z - 28 tomahawks (quivered)
 R - 2 poisoned javelins
Armour
 b - a +2 helmet
 g - a +2 large shield (melded)
 l - a +2 pair of gloves of strength (melded)
 N - a +1 plate armour of cold resistance (melded)
 X - a +2 centaur barding of cold resistance (melded)
 Y - +0 pearl dragon scales
Jewellery
 h - an uncursed ring of protection from cold
 n - an uncursed ring of protection from magic
 q - a +6 amulet of reflection (around neck)
 y - a +2 ring of strength (melded)
 A - a ring of poison resistance (melded)
Wands
 a - a wand of digging (14)
 k - a wand of flame (13)
 s - a wand of acid (14)
 t - a wand of iceblast (18)
 u - a wand of random effects (90)
 C - a wand of enslavement (23)
 G - a wand of disintegration (31)
Scrolls
 e - 2 scrolls of identify
 i - 3 scrolls of magic mapping
 w - 2 scrolls of fear
 x - 7 scrolls of remove curse
 B - 9 scrolls of teleportation
 L - 2 scrolls of amnesia
 P - a scroll of enchant weapon
Potions
 d - a potion of resistance
 f - 3 potions of might
 j - 2 potions of haste
 m - 6 potions of curing
 o - a potion of cancellation
 p - 3 potions of lignification
 v - a potion of magic
 E - 2 potions of brilliance
 H - a potion of heal wounds
 I - a potion of invisibility
 K - a potion of flight
 O - 3 potions of ambrosia
 S - a potion of berserk rage
Books
 F - a book of Maledictions

   Spells                             Type                      Level
   a - Corona                         Hexes                        1
   b - Ensorcelled Hibernation        Hexes/Ice                    2
   c - Confuse                        Hexes                        3
   d - Tukima's Dance                 Hexes                        3
   e - Dazzling Spray                 Conjuration/Hexes            3
Miscellaneous
 J - a box of beasts
Comestibles
 c - 26 rations


   Skills:
 + Level 9.4 Fighting
 + Level 8.0(10.5) Axes
 + Level 10.7(11.7) Maces & Flails
 + Level 3.1 Throwing
 * Level 10.2 Armour
 + Level 3.3 Dodging
 + Level 10.7 Shields
 * Level 13.7 Invocations
 + Level 2.4 Evocations


You had 16 spell levels left.
You didn't know any spells.

Dungeon Overview and Level Annotations

Branches:
Dungeon (15/15)            Temple (0/1) D:6            Lair (6/6) D:8
 Shoals (0/4) Lair:2       Spider (0/4) Lair:3        Slime (0/5) Lair:5
    Orc (0/2) D:9          Vaults (0/5) D:14
 Depths: D:15

Altars:
Fedhas
Hepliaklqana
Kikubaaqudgha
Makhleb
Ru
Sif Muna
Trog
Uskayaw
Xom

Shops:
D:6 (   D:13 *

Annotations:
D:15 exclusion: Roxanne, Kirke, Roxanne
Lair:5 exclusion: 2 oklob plants


Innate Abilities, Weirdness & Mutations

((You have hooves in place of feet.))
((Armour fits poorly on your strangely shaped body.))
((You cover ground very quickly.))
((You have extremely tough skin. (AC +3)))
((You have a pair of small horns on your head.))
You are surrounded by a mild repulsion field. (EV +2)
((You are partially covered in slimy green scales. (AC +2)))
You tend to lose your temper in combat.
You can translocate small distances at will.
You are dopey. (Int -2)


Message History

The gargoyle hurls a stone arrow at you.
The stone arrow reflects off an invisible shield around you!
The stone arrow hits the gargoyle.
As you read the scroll of teleportation, it crumbles to dust.
You feel strangely unstable.
Your surroundings suddenly seem different.
An orc and an orc wizard come into view.
Unknown command.
As you read the scroll of teleportation, it crumbles to dust.
You feel strangely unstable.
You recover from your berserk rage.
The orc shouts!
The orc wizard shouts!
You hear a shout! x2
Roxanne mumbles some strange words.
You blink.
Unknown command.
Unknown command.
A centaur warrior skeleton comes into view.
Roxanne casts a spell.
The iron shot hits you!
You die...

#....#.. ####+###
#....#.. #.....h#
#....#.. .H... #...<..#
#9...#..
..Z.##......####.......
...##.......#.......##
#..##.....#..?#...#...
#..##?..††..#...#..(.#
####.##h.((†.###.###...#
#.............#$$.#...##
#.......###.#...#...#†#
#...o...# #...#...#.(H##
.P#..o..8.#
##.###.###.(.(
P..........#
..#...#..[..
P...######.#
#...#...#... .P. #...
........... 8. ##...
.###......


You could see Roxanne, a hog (fleeing), an orc wizard and an orc.

Vanquished Creatures
  A tengu reaver (D:12)
  A frost giant (IceCv)
  The ghost of Lokiki the Martial Artist, a journeyman DsGl of Hepliaklqana (D:14)
  The ghost of Snarbu88 the Severer, a journeyman MiFi of Okawaru (Lair:3)
  2 vault guards (D:14)
  Erolcha (D:11)
  4 hydras
  2 catoblepae (Lair:6)
  2 centaur warriors
  2 two-headed ogres
  A death yak (IceCv)
  The ghost of taffy the Fencer, a novice MiFi of Ashenzari (D:9)
  2 wizards (D:14)
  A lindwurm (Lair:4)
  2 necromancers (D:14)
  A deep elf mage (D:14)
  An orb spider (shapeshifter) (D:14)
  10 ugly things
  3 manticores
  An orc knight (D:12)
  5 cyclopes
  9 elephants
  4 centaur zombies
  The ghost of Gitz the Magician, a novice NaWz (D:5)
  5 black mambas
  2 centaur skeletons
  An ice statue (IceCv)
  2 gargoyles
  5 spiny frogs
  2 yaktaurs (D:14)
  2 rime drakes
  A freezing wraith (D:14)
  A kobold demonologist (D:11)
  4 komodo dragons
  21 polar bears
  2 meliai (Lair:4)
  A queen bee (Lair:4)
  A troll (D:14)
  8 blink frogs (Lair:4)
  4 hornets (Lair:6)
  A raiju (shapeshifter) (D:13)
  14 slime creatures
  A blink frog (shapeshifter) (D:15)
  6 hippogriffs
  11 spriggans
  A wyvern (D:14)
  49 yaks
  2 shadows
  2 hogs (D:15)
  2 basilisks
  17 humans (D:14)
  Menkaure (D:5)
  2 hungry ghosts
  9 vampire mosquitoes
  Edmund (D:6)
  17 wargs (D:12)
  9 porcupines
  10 water moccasins
  6 black bears
  3 ice beasts
  A hornet zombie (D:15)
  18 orc warriors
  A sky beast (D:7)
  13 ogres
  2 eyes of draining
  39 wolves
  10 centaurs
  5 necrophages (Lair:3)
  3 boggarts (Lair:6)
  11 crocodiles
  Blork the orc (D:6)
  20 bullfrogs
  A big kobold (D:10)
  2 wyvern zombies
  3 wyvern skeletons
  3 scorpions
  30 killer bees
  5 wights (D:9)
  5 howler monkeys
  2 electric eels
  6 crimson imps
  3 bullfrog zombies
  A quasit (D:10)
  A gnoll shaman (D:7)
  14 orc priests
  3 bullfrog skeletons
  5 hounds
  6 jellies
  3 iguanas
  11 orc wizards
  12 worker ants
  A hound zombie (D:7)
  2 hound skeletons (D:11)
  2 worker ant zombies
  6 adders
  8 gnolls
  3 shadow imps
  12 white imps (D:14)
  3 worms
  A dart slug (D:1)
  6 leopard geckos
  102 orcs
  7 bats
  2 bat skeletons (D:5)
  3 bat zombies (D:5)
  5 giant cockroaches
  13 goblins
  8 hobgoblins
  12 jackals
  15 kobolds
  4 quokkas
  2 frilled lizards
  5 leopard gecko skeletons
  A leopard gecko zombie (D:7)
  2 quokka skeletons
  7 rats
  A plant (Lair:2)
758 creatures vanquished.

Vanquished Creatures (others)
  The ghost of Delanovic the Fighter, a journeyman GrGl of Qazlal (Lair:3)
  The ghost of raetorn the Thaumaturge, a journeyman GnSk of Cheibriados (Lair:3)
  2 hydras
  A two-headed ogre (D:8)
  An oklob plant (Lair:2)
  A cyclops (D:14)
  An efreet (D:11)
  A freezing wraith (D:15)
  A meliai (Lair:4)
  A blink frog (Lair:4)
  A vampire (D:14)
  A centaur (D:8)
  A hound (D:13)
  2 orcs
  7 kobolds (Bailey)
  10 fungi
  12 plants
45 creatures vanquished.

Grand Total: 803 creatures vanquished

Notes
Turn   | Place    | Note
-------+----------+-------------------------------------------
     0 | Abyss:1  | Gargoyl the Centaur Abyssal Knight began the quest for the Orb.
     0 | Abyss:1  | Reached XP level 1. HP: 19/19 MP: 2/2
    30 | Abyss:1  | Noticed an orange demon
   153 | Abyss:1  | Found a shimmering altar of Xom.
   168 | Abyss:1  | Noticed a small abomination
   183 | Abyss:1  | Noticed an ancient zyme
   185 | Abyss:1  | Noticed a wight
   186 | Abyss:1  | Noticed a ynoxinul
   201 | Abyss:1  | Noticed a lich
   202 | D:1      | Escaped the Abyss
   398 | D:1      | Reached XP level 2. HP: 8/26 MP: 3/3
   399 | D:1      | Reached * piety under Lugonu
   906 | D:1      | Reached XP level 3. HP: 31/31 MP: 4/4
  2078 | D:2      | Found a sacrificial altar of Ru.
  2311 | D:3      | Reached XP level 4. HP: 18/38 MP: 5/5
  2761 | D:3      | Reached ** piety under Lugonu
  3242 | D:4      | Reached XP level 5. HP: 31/45 MP: 5/7
  3544 | D:4      | Reached skill level 1 in Shields
  3696 | D:4      | Reached skill level 3 in Invocations
  3712 | D:4      | Reached XP level 6. HP: 44/52 MP: 8/8
  4002 | D:4      | Reached skill level 1 in Dodging
  4308 | D:5      | Entered Level 5 of the Dungeon
  4365 | D:5      | Noticed Menkaure
  4369 | D:5      | Killed Menkaure
  4478 | D:5      | Noticed an ice beast
  4487 | D:5      | Reached XP level 7. HP: 59/59 MP: 9/9
  4501 | D:5      | Reached skill level 4 in Invocations
  4746 | D:5      | Noticed Gitz's ghost (novice NaWz)
  4765 | D:5      | Killed Gitz's ghost
  4945 | D:5      | Found an ancient bone altar of Kikubaaqudgha.
  5213 | D:5      | Reached XP level 8. HP: 66/66 MP: 11/11
  5511 | D:5      | Found a deep blue altar of Sif Muna.
  5712 | D:6      | Noticed Blork the orc
  5730 | D:6      | Killed Blork the orc
  5730 | D:6      | Reached skill level 5 in Invocations
  5834 | D:6      | Reached *** piety under Lugonu
  5872 | D:6      | Found a staircase to the Ecumenical Temple.
  5891 | D:6      | Noticed Edmund
  5912 | D:6      | Killed Edmund
  5912 | D:6      | Reached skill level 5 in Axes
  6015 | D:6      | Reached skill level 6 in Invocations
  6355 | D:6      | Reached XP level 9. HP: 72/72 MP: 13/13
  6485 | D:6      | Found a shimmering altar of Xom.
  6488 | D:6      | Found a hide-covered altar of Uskayaw.
  6491 | D:6      | Found a bloodstained altar of Trog.
  6603 | D:6      | Found a hazy altar of Hepliaklqana.
  6675 | D:6      | Found Mohicul's Antique Weapon Shoppe.
  7849 | D:7      | Reached **** piety under Lugonu
  7877 | D:7      | Found a burning altar of Makhleb.
  7879 | D:7      | Noticed a blizzard demon
  8104 | D:7      | Reached skill level 5 in Fighting
  8718 | D:8      | Reached skill level 7 in Invocations
  8819 | D:8      | Noticed a two-headed ogre
  8834 | D:8      | Banished a two-headed ogre
  8834 | D:8      | Reached skill level 5 in Armour
  8834 | D:8      | Reached XP level 10. HP: 32/81 MP: 10/15
  9307 | D:8      | Found a blossoming altar of Fedhas.
  9900 | D:8      | Found a staircase to the Lair.
 10068 | Lair:1   | Entered Level 1 of the Lair of Beasts
 10126 | Lair:1   | Got a bloodstained flail
 10130 | Lair:1   | Identified the +5 flail "Wakkumoc" {pain, Str+4 SInv} (You found it on level 1 of the Lair of Beasts)
 10187 | Lair:1   | Reached skill level 5 in Shields
 10369 | Lair:1   | Reached skill level 1 in Maces & Flails
 10735 | Lair:1   | Reached skill level 8 in Invocations
 11474 | Lair:2   | Noticed an oklob plant
 11502 | Lair:2   | Banished an oklob plant
 11502 | Lair:2   | Reached skill level 1 in Throwing
 11878 | Lair:2   | Found a staircase to the Shoals.
 12559 | Lair:3   | Noticed a four-headed hydra
 12567 | Lair:3   | Killed a four-headed hydra
 12567 | Lair:3   | Reached XP level 11. HP: 53/89 MP: 17/17
 12893 | Lair:3   | Noticed Snarbu88's ghost (journeyman MiFi)
 12898 | Lair:3   | Noticed a seven-headed hydra
 13087 | Lair:2   | Banished a seven-headed hydra
 13264 | Lair:3   | Killed Snarbu88's ghost
 13344 | Lair:3   | Noticed Delanovic's ghost (journeyman GrGl)
 13914 | Lair:3   | Banished Delanovic's ghost
 14092 | Lair:3   | Reached skill level 9 in Invocations
 14230 | Lair:3   | Found a hole to the Spider Nest.
 14240 | Lair:3   | Noticed raetorn's ghost (journeyman GnSk)
 14512 | Lair:3   | Banished raetorn's ghost
 14959 | Lair:3   | Identified the Almanac of Evil Transmigration
 15440 | Lair:4   | Reached skill level 5 in Maces & Flails
 16573 | Lair:4   | Reached XP level 12. HP: 97/97 MP: 19/19
 16603 | Lair:4   | Reached skill level 10 in Invocations
 19154 | Lair:5   | Found a staircase to the Slime Pits.
 19186 | Lair:6   | Entered Level 6 of the Lair of Beasts
 19259 | Lair:6   | Noticed a six-headed hydra
 19266 | Lair:6   | Killed a six-headed hydra
 19663 | Lair:6   | Noticed a five-headed hydra
 19666 | Lair:6   | Noticed a catoblepas
 19817 | Lair:5   | HP: 2/97 [five-headed hydra (7)]
 19819 | Lair:5   | Banished a five-headed hydra
 20448 | Lair:6   | Reached skill level 11 in Invocations
 20448 | Lair:6   | Reached XP level 13. HP: 92/105 MP: 21/21
 21366 | Lair:5   | Reached ***** piety under Lugonu
 22757 | D:9      | Noticed taffy's ghost (novice MiFi)
 22789 | D:9      | Killed taffy's ghost
 22892 | D:9      | Gained mutation: You occasionally shout uncontrollably at your foes. [potion of mutation]
 22892 | D:9      | Gained mutation: Scrolls take you a little longer to read. [potion of mutation]
 22892 | D:9      | Gained mutation: You passively map a small area around you. [potion of mutation]
 22892 | D:9      | Gained mutation: You are surrounded by a mild repulsion field. (EV +2) [potion of mutation]
 22893 | D:9      | Lost mutation: Scrolls take you a little longer to read. [potion of mutation]
 22893 | D:9      | Lost mutation: You occasionally shout uncontrollably at your foes. [potion of mutation]
 22893 | D:9      | Gained mutation: You are robust. (+10% HP) [potion of mutation]
 22893 | D:9      | Gained mutation: You can translocate small distances at will. [potion of mutation]
 22893 | D:9      | Gained mutation: You are partially covered in slimy green scales. (AC +2) [potion of mutation]
 23014 | D:9      | Found a staircase to the Orcish Mines.
 23369 | D:10     | Entered Level 10 of the Dungeon
 24818 | D:11     | Noticed Erolcha
 24823 | D:11     | Paralysed by Erolcha for 3 turns
 24844 | D:11     | Killed Erolcha
 25465 | D:12     | Reached skill level 12 in Invocations
 25486 | D:12     | Got a pitted wooden ring
 25488 | D:12     | Identified the ring "Host" {Ice MP+9 Str+2 Int+4} (You found it on level 12 of the Dungeon)
 25541 | D:12     | Reached ****** piety under Lugonu
 25833 | D:12     | Reached XP level 14. HP: 121/126 MP: 23/23
 25895 | D:12     | Noticed a tengu reaver
 25911 | D:12     | Killed a tengu reaver
 26440 | D:11     | Lost mutation: You are robust. (+10% HP) [potion of mutation]
 26440 | D:11     | Lost mutation: You passively map a small area around you. [potion of mutation]
 26440 | D:11     | Lost mutation: You can translocate small distances at will. [potion of mutation]
 26440 | D:11     | Gained mutation: Scrolls take you a little longer to read. [potion of mutation]
 26440 | D:11     | Gained mutation: You have a pair of small antennae on your head. [potion of mutation]
 26440 | D:11     | Gained mutation: You are partially covered in iridescent scales. (AC +2) [potion of mutation]
 26466 | D:12     | Lost mutation: Scrolls take you a little longer to read. [potion of mutation]
 26466 | D:12     | Lost mutation: You are partially covered in iridescent scales. (AC +2) [potion of mutation]
 26466 | D:12     | Lost mutation: You have a pair of small antennae on your head. [potion of mutation]
 26466 | D:12     | Gained mutation: You tend to lose your temper in combat. [potion of mutation]
 26466 | D:12     | Gained mutation: You have a pair of small horns on your head. [potion of mutation]
 26466 | D:12     | Gained mutation: You are dopey. (Int -2) [potion of mutation]
 26466 | D:12     | Gained mutation: You can translocate small distances at will. [potion of mutation]
 28049 | D:13     | Found a flagged portal.
 28056 | Bailey   | Entered a bailey
 28119 | Bailey   | Got an ebony morningstar
 28120 | Bailey   | Identified the +4 morningstar of Bunem {crush, rPois Str+2} (You found it in a bailey)
 28131 | Bailey   | Found a burning altar of Makhleb.
 28335 | D:13     | Found Tuva's General Store.
 28349 | D:13     | Bought a potion of heal wounds for 60 gold pieces
 28349 | D:13     | Bought a scroll of acquirement for 624 gold pieces
 28357 | D:13     | Reached skill level 1 in Evocations
 28357 | D:13     | Reached XP level 15. HP: 123/123 MP: 19/24
 28358 | D:13     | Reached XP level 16. HP: 129/129 MP: 19/25
 28727 | D:14     | Reached skill level 13 in Invocations
 28809 | D:14     | Found a frozen archway.
 28856 | IceCv    | Entered an ice cave
 29482 | IceCv    | Reached skill level 10 in Shields
 30039 | IceCv    | Reached skill level 10 in Maces & Flails
 30039 | IceCv    | Reached skill level 10 in Armour
 30904 | D:14     | Noticed Lokiki's ghost (journeyman DsGl)
 30938 | D:14     | Killed Lokiki's ghost
 32082 | D:14     | Found a gate to the Vaults.
 32572 | D:15     | Entered Level 15 of the Dungeon
 32818 | D:15     | Noticed Roxanne
 32830 | D:15     | Reached XP level 17. HP: 136/138 MP: 27/27
 32835 | D:15     | Noticed Kirke
 32855 | D:15     | HP: 4/138 [hog[Kirke] (11)]
 32869 | D:15     | Killed from afar by Roxanne

Skill      XL: |  1  2  3  4  5  6  7  8  9 10 11 12 13 14 15 16 |
---------------+-------------------------------------------------+-----
Armour         | 2 3 4 5 6 7 8 9 10 | 10.2
Axes           | 2 3 4 5 7 8 |  8.0
Shields        | 1 2 3 4 5 6 8 9 10 | 10.7
Invocations    | 3 4 6 7 8 9 11 12 13 | 13.7
Dodging        | 1 2 3 |  3.3
Fighting       | 4 5 6 7 8 9 |  9.4
Maces & Flails | 3 5 7 8 9 10 | 10.7
Throwing       | 1 2 3 |  3.1
Evocations     | 1 2 |  2.4

Action                   |  1- 3 |  4- 6 |  7- 9 | 10-12 | 13-15 | 16-18 || total
-------------------------+-------+-------+-------+-------+-------+-------++-------
Melee: Hand axe          |   134 |   150 |   107 |       |       |       ||   391
       Kick              |    12 |    32 |   109 |   304 |   330 |   279 ||  1066
       War axe           |       |       |   294 |    70 |       |       ||   364
       Flail             |       |       |       |   794 |   995 |   782 ||  2571
       Headbutt          |       |       |       |       |    43 |   169 ||   212
Throw: Tomahawk          |       |       |     6 |    12 |     1 |     7 ||    26
Invok: Depart the Abyss  |     1 |       |       |       |       |       ||     1
       Banish            |       |       |     1 |    16 |     1 |       ||    18
       Bend Space        |       |       |       |     3 |     5 |       ||     8
Evoke: Wand              |       |       |     8 |     5 |       |       ||    13
  Use: Potion            |     1 |     1 |     1 |     4 |     6 |     4 ||    17
       Scroll            |     5 |     5 |     3 |    11 |    16 |     7 ||    47
  Eat: Ration            |     1 |     1 |     3 |     8 |     5 |     4 ||    22
       Chunk             |       |     2 |     3 |    13 |     6 |     2 ||    26
Armor: Chain mail        |   161 |   132 |   134 |    54 |       |       ||   481
       Skin              |       |       |    28 |       |       |       ||    28
       Plate armour      |       |       |       |   280 |   288 |   321 ||   889
Dodge: Dodged            |    22 |     9 |    14 |    88 |   105 |   111 ||   349
Block: Large shield      |    47 |   144 |   510 |  1178 |  1208 |   956 ||  4043
       Reflection        |       |       |     9 |     4 |    59 |    43 ||   115
       Other             |       |       |       |       |       |     2 ||     2
